 Dungeon Crawl Stone Soup version 0.28.0-47-ge53b351184 (webtiles) character file.

Game seed: 9058747324605537852

2440 pkoi the Martial Artist (level 9, -4/71 HPs)
             Began as a Demigod Gladiator on May 7, 2022.
             Slain by Maggie
             ... wielding a +0 broad axe
              (9 damage)
             ... on level 8 of the Dungeon.
             The game lasted 00:20:14 (12218 turns).

pkoi the Martial Artist (Demigod Gladiator)        Turns: 12218, Time: 00:20:15

Health: -4/71      AC: 10    Str: 15    XL:     9   Next: 4%
Magic:  12/12      EV: 16    Int: 22    God:
Gold:   411        SH:  0    Dex: 15    Spells: 5/8 levels left

rFire   . . .      SeeInvis .   e - +1 whip (venom)
rCold   . . .      Faith    .   (no shield)
rNeg    . . .      Spirit   .   q - +3 ring mail
rPois   .          Reflect  .   b - +0 helmet
rElec   .          Harm     .   (no cloak)
rCorr   .          Rampage  .   (no gloves)
Will    .....                   (no boots)
Stlth   +.........              (no amulet)
HPRegen 0.21/turn               o - +4 ring of evasion
MPRegen 0.13/turn               (no ring)

@: mesmerised, studying Earth Magic
A: high MP 1, forlorn, divine attributes
a: no special abilities


You were on level 8 of the Dungeon.
You visited 2 branches of the dungeon, and saw 9 of its levels.
You also visited: Sewer.

You collected 441 gold pieces.
You spent 30 gold pieces at shops.

Inventory:

Hand Weapons
 a - a +0 dagger
 e - a +1 whip of venom (weapon)
Missiles
 c - 3 throwing nets
 h - 28 poisoned darts (quivered)
 j - 3 datura-tipped darts
Armour
 b - a +0 helmet (worn)
 q - a +3 ring mail (worn)
Jewellery
 o - a +4 ring of evasion (left hand)
Wands
 g - a wand of flame (13)
Scrolls
 m - 2 scrolls of magic mapping
 p - a scroll of amnesia
 s - a scroll of identify
Potions
 d - a potion of heal wounds
 f - 6 potions of curing
 i - a potion of invisibility
 k - a potion of ambrosia
 l - a potion of resistance
 n - a potion of brilliance


   Skills:
 - Level 4.0 Fighting
 - Level 1.7 Throwing
 - Level 5.0 Armour
 - Level 4.0 Dodging
 * Level 8.5 Unarmed Combat
 + Level 0.3 Spellcasting
 + Level 0.3 Transmutations
 + Level 0.4 Fire Magic
 + Level 0.4 Poison Magic
 + Level 3.5 Evocations


You had 5 spell levels left.
You knew the following spells:

 Your Spells              Type           Power      Damage    Failure   Level
a - Ignite Poison         Fire/Tmut/Pois 2%         N/A       58%         3

Your spell library contained the following spells:

 Spells                   Type           Power      Damage    Failure   Level
 Scorch                   Fire           4%         2d5       36%         2
 Wereblood                Tmut           1%         N/A       36%         2
 Ensorcelled Hibernation  Hex/Ice        0%         N/A       43%         2
 Searing Ray              Conj           0%         2d4       43%         2
 Sublimation of Blood     Necr           0%         N/A       43%         2
 Conjure Flame            Conj/Fire      1%         6-21      63%         3
 Gell's Gravitas          Tloc           0%         N/A       67%         3
 Portal Projectile        Hex/Tloc       0%         N/A       67%         3
 Teleport Other           Tloc           0%         N/A       67%         3
 Tukima's Dance           Hex            0%         N/A       67%         3
 Sticky Flame             Conj/Fire      1%         2d3       95%         4
 Anguish                  Hex/Necr       0%         N/A       97%         4
 Fulminant Prism          Conj/Hex       0%         3d6       97%         4
 Iskenderun's Mystic Bla  Conj/Tloc      0%         2d3       97%         4
 Blade Hands              Tmut           0%         N/A       100%        5
 Excruciating Wounds      Necr           0%         N/A       100%        5
 Lee's Rapid Deconstruct  Erth           0%         3d5*      100%        5
 Dispersal                Tloc           0%         N/A       100%        6
 Enfeeble                 Hex            0%         N/A       100%        7
 Summon Hydra             Summ           0%         N/A       100%        7


Dungeon Overview and Level Annotations

Branches:
Dungeon (8/15)             Temple (1/1) D:6           Sewer (visited)
   Lair: D:8-11

Shops:
D:2 (   D:3 ?

Portals:
Abyss: D:5

Annotations:
D:5 2 transporters, nickcage's ghost, novice DEIE
D:8 Maggie


Innate Abilities, Weirdness & Mutations

You have an increased reservoir of magic. (+10% MP)
You shall have no god before yourself.
Your divine heritage dramatically boosts your attributes as you level up.


Message History

The hornet zombie is almost destroyed.
The hornet zombie closely misses you. Maggie closely misses you.
Unknown command.
You punch the hornet zombie!
You destroy the hornet zombie!
Maggie hits you with a +0 broad axe!
* * * LOW HITPOINT WARNING * * *
Unknown command.
Your +1 whip of venom begins to drip with poison!
e - a +1 whip of venom (weapon)
You closely miss Maggie.
Maggie is lightly wounded.
Maggie barely misses you. Maggie hits you with a +0 broad axe!
* * * LOW HITPOINT WARNING * * *
Unknown command.
You barely miss Maggie.
Maggie is lightly wounded.
Maggie completely misses you.
Unknown command.
You hit Maggie but do no damage.
Maggie looks even sicker.
Maggie is lightly wounded.
Maggie misses you.
Unknown command.
Casting: Ignite Poison (dangerous; 58% risk of failure)
Confirm with . or Enter, or press ? or * to list all spells.
Okay, then.
You closely miss Maggie.
Maggie is lightly wounded.
Maggie gestures wildly while chanting.
Maggie draws you further into her thrall.
Unknown command.
You hit Maggie but do no damage.
Maggie is moderately wounded.
Maggie hits you with a +0 broad axe!
* * * LOW HITPOINT WARNING * * *
Unknown command.
You barely miss Maggie.
Maggie is moderately wounded.
Maggie hits you with a +0 broad axe!
You die...

#.......##....##..#.#......
#######...........#(.#.##...#..#.
...........###._##.........#.....
#######....#.....[.........#.....
#...............#........(.
#..................#.......
#...>..............#.....#.
##.....#..[.@............##
#.....###..@..............#
#.....#..................##
###..##..##..............#
#####..................#
##..#..............#
######.........#..#
###.#....##.## ####..## ## ####


You could see Maggie (mesmerising, very poisoned).

Vanquished Creatures
  5 yaks (D:7)
  A hornet zombie (D:8)
  Pargi (Sewer)
  A black bear (D:6)
  A necrophage (D:4)
  An ogre (D:5)
  2 phantoms
  A kobold brigand (D:8)
  2 bullfrogs (D:6)
  2 scorpions
  2 water moccasin skeletons
  5 killer bees (D:6)
  A bullfrog zombie (D:6)
  A hound (D:6)
  3 orc priests
  2 centaur skeletons
  A gnoll shaman (D:6)
  An iguana (D:6)
  6 gnolls
  5 adders
  A shadow imp (D:6)
  A white imp (D:6)
  2 adder skeletons (D:4)
  3 worms (D:4)
  A dart slug (D:4)
  19 orcs
  3 ball pythons
  5 endoplasms
  6 giant cockroaches
  5 goblins
  4 hobgoblins
  13 jackals
  A quokka (D:5)
  7 bats
  5 frilled lizards
  14 kobolds
  7 rats
141 creatures vanquished.

Vanquished Creatures (others)
  A bush (D:8)
1 creature vanquished.

Grand Total: 142 creatures vanquished

Notes
Turn   | Place    | Note
-------+----------+-------------------------------------------
     0 | D:1      | pkoi the Demigod Gladiator began the quest for the Orb.
     0 | D:1      | Reached XP level 1. HP: 17/17 MP: 3/3
    91 | D:1      | Reached skill level 3 in Unarmed Combat
   712 | D:1      | Reached XP level 2. HP: 24/24 MP: 4/4
  1570 | D:2      | Reached XP level 3. HP: 29/29 MP: 5/5
  1618 | D:2      | Found Yjeunk's Weapon Boutique.
  1723 | D:2      | Reached skill level 1 in Armour
  2014 | D:2      | Reached skill level 4 in Unarmed Combat
  2484 | D:3      | Found Nomnoli's Magic Scroll Emporium.
  2489 | D:3      | Bought a scroll of teleportation for 30 gold pieces
  3222 | D:4      | Reached XP level 4. HP: 36/36 MP: 6/6
  3738 | D:4      | Identified a scroll of acquirement
  3738 | D:4      | Acquired a manual of Earth Magic
  3786 | D:4      | Found a glowing drain.
  3796 | Sewer    | Entered a sewer
  3858 | Sewer    | Noticed Pargi
  3868 | Sewer    | Killed Pargi
  3869 | Sewer    | Reached skill level 5 in Unarmed Combat
  3869 | Sewer    | Reached XP level 5. HP: 41/41 MP: 7/7
  4727 | D:4      | Reached XP level 6. HP: 50/50 MP: 8/8
  4851 | D:5      | Entered Level 5 of the Dungeon
  5100 | D:5      | Found a one-way gate to the infinite horrors of the Abyss.
  5100 | D:5      | Noticed nickcage's ghost (novice DEIE)
  5371 | D:5      | Found a transporter.
  5377 | D:5      | Found a transporter.
  5460 | D:4      | Reached skill level 6 in Unarmed Combat
  6147 | D:6      | Reached XP level 7. HP: 35/57 MP: 9/9
  7354 | D:6      | Found a staircase to the Ecumenical Temple.
  7442 | Temple   | Entered the Ecumenical Temple
  7664 | D:6      | Reached skill level 1 in Evocations
  8199 | D:7      | Got Magic, Part Two
  8720 | D:6      | Reached skill level 7 in Unarmed Combat
  8970 | D:6      | Reached XP level 8. HP: 65/66 MP: 10/10
 10096 | D:8      | Noticed Maggie
 10695 | D:7      | Reached skill level 8 in Unarmed Combat
 10766 | D:7      | Reached skill level 5 in Armour
 10783 | D:7      | HP: 1/66 [yak (8)]
 11465 | D:7      | Learned a level 3 spell: Ignite Poison
 11937 | D:8      | Reached XP level 9. HP: 30/71 MP: 12/12
 12218 | D:8      | Slain by Maggie

Illustrated notes

Levels and vault maps discovered:
D:1:      lemuel_arrival_cross, layout_loops_ring, ebering_ecumenical_altar_box
D:2:      layout_loops_corners, serial_shops, shop
D:3:      layout_loops_ring, serial_shops, shop
D:4:      layout_basic, kennysheep_little_box, cheibrodos_sewer_entry_sluice,
          minmay_vboxes
D:5:      layout_rooms, nicolae_hepliaklqana_hazy_memory,
          mainiacjoe_overflow_tiny_flanked, gammafunk_ghost_abyssal_escape
D:6:      layout_cave_pods, general_overflow_altar,
          nicolae_gozag_cash_rules_everything_around_me,
          minmay_temple_entry_junction
D:7:      layout_cave_pools, cheibriados_altar_1, kennysheep_cluttered_room
D:8:      layout_cave_pools, mainiacjoe_overflow_small_starburst,
          dancing_weapons_uskayaw, overflow_temple_1_default,
          grunt_temple_overflow_lords_of_destruction, special_room
          [special_room_orc], serial_glass, glass_columns_c, glass_columns_a,
          item_on_display_a, due_unseen_surprise, feat_on_display,
          supply_closet_lemuel, minmay_hedge_maze, uniq_maggie
Temple:   dpeg_three_leaves_temple

Skill      XL: |  1  2  3  4  5  6  7  8 |
---------------+-------------------------+-----
Unarmed Combat | 3 4 5 6 7 8 |  8.5
Armour         | 1 2 3 4 5 |  5.0
Fighting       | 2 3 4 |  4.0
Evocations     | 1 3 |  3.5
Dodging        | 3 4 |  4.0
Throwing       | |  1.7
Spellcasting   | |  0.3
Transmutations | |  0.3
Fire Magic     | |  0.4
Poison Magic   | |  0.4

Action                   |  1- 3 |  4- 6 |  7- 9 || total
-------------------------+-------+-------+-------++-------
Melee: Unarmed           |   179 |   219 |   325 ||   723
       Punch             |     3 |    17 |    19 ||    39
       Whip              |       |       |    14 ||    14
Throw: Dart              |       |       |     7 ||     7
Evoke: Wand              |       |       |     9 ||     9
  Use: Scroll            |     9 |     3 |     5 ||    17
       Potion            |       |     1 |     5 ||     6
Armor: Leather armour    |    10 |       |       ||    10
       Chain mail        |    63 |       |       ||    63
       Ring mail         |    13 |   107 |   154 ||   274
       Skin              |       |    14 |       ||    14
Dodge: Dodged            |    69 |   119 |   236 ||   424
